 Dungeon Crawl Stone Soup version 0.28.0 (webtiles) character file.

Game seed: 1444489103828301308

1781 browni3141 the Grappler (level 8, 0/83 HPs)
             Began as a Troll Berserker on Feb 10, 2022.
             Was a Priest of Trog.
             Slain by an orc (2 damage)
             ... on level 8 of the Dungeon.
             The game lasted 00:02:11 (3013 turns).

browni3141 the Grappler (Troll Berserker)           Turns: 3013, Time: 00:02:12

Health: 0/83       AC:  4    Str: 28    XL:     8   Next: 81%
Magic:  7/7        EV: 10    Int:  3    God:    Trog [***...]
Gold:   244        SH:  0    Dex:  9    Spells: 7/7 levels left

rFire   . . .      SeeInvis .     - Unarmed
rCold   . . .      Faith    .   (no shield)
rNeg    . . .      Spirit   .   a - +0 animal skin
rPois   .          Reflect  .   (helmet restricted)
rElec   .          Harm     .   (no cloak)
rCorr   .          Rampage  .   (gloves unavailable)
Will    .....                   (boots unavailable)
Stlth   +.........              (no amulet)
HPRegen 1.03/turn               (no ring)
MPRegen 0.10/turn               (no ring)

@: lethally poisoned (0 -> 0), on berserk cooldown, slowed, very slow
A: large, unfitting armour, claws 3, regeneration 1, shaggy fur 1, tough skin 1
a: Renounce Religion, Berserk, Trog's Hand


You were on level 8 of the Dungeon.
You worshipped Trog.
Trog was most pleased with you.
You visited 1 branch of the dungeon, and saw 6 of its levels.

You collected 244 gold pieces.

Inventory:

Missiles
 f - 6 curare-tipped darts (quivered)
Armour
 a - a +0 animal skin (worn)
Jewellery
 s - a ring of ice
Wands
 l - a wand of digging (10)
 o - a wand of paralysis (10)
Scrolls
 b - a scroll of amnesia {unknown}
 c - a scroll of teleportation {unknown}
 d - 7 scrolls of identify {unknown}
 e - a scroll of fog {unknown}
 g - a scroll of magic mapping {unknown}
 h - 3 scrolls of enchant weapon {unknown}
 j - a scroll of blinking {unknown}
 k - a scroll of enchant armour {unknown}
 m - a scroll of noise {unknown}
Potions
 i - 3 potions of curing {unknown}
 n - a potion of haste {unknown}
 p - a potion of lignification {unknown}
 q - a potion of mutation {unknown}
 r - 3 potions of heal wounds {unknown}


   Skills:
 + Level 6.0 Fighting
 - Level 2.4 Dodging
 * Level 9.9 Unarmed Combat


You had 7 spell levels left.
You didn't know any spells.
Your spell library was empty.

Dungeon Overview and Level Annotations

Branches:
Dungeon (8/15)
 Temple: D:4-7         Lair: D:8-11

Altars:
Dithmenos
Gozag
Zin

Annotations:
D:8 Erica


Innate Abilities, Weirdness & Mutations

You are too large for most types of armour.
You have claws for hands.
Your natural rate of healing is unusually fast.
You are covered in fur. (AC +1)
You have tough skin. (AC +1)


Message History

The poisoned dart hits you!
You are poisoned.
Things that are here:
a +0 dagger; a +0 robe You barely miss the wight.
You feel sick.
The wight hits you with a +3 battleaxe!!
The kobold brigand throws a poisoned dart.
The poisoned dart hits you!
You are more poisoned.
You scratch the wight but do no damage. You claw the wight!
You destroy the wight!
Trog accepts your kill.
You feel sick.
Your Fighting skill increases to level 6!
You feel sick.
You feel a strong urge to attack something.
You feel sick.
You claw the kobold brigand!
The kobold brigand is moderately wounded.
You feel sick.
You barely miss something. Your claw misses something.
You feel sick. Something hits you. Something burns you.
The kobold brigand closely misses you. The orc closely misses you.
You claw something!
You feel sick.
You closely miss something.
You feel sick. Something hits you!
* * * LOW HITPOINT WARNING * * *
Something burns you.
* * * LOW HITPOINT WARNING * * *
You claw something! x2; You feel sick. The orc barely misses you.
You scratch something.
You are no longer berserk.
You are exhausted.
You feel yourself slow down. Something hits you!
* * * LOW HITPOINT WARNING * * *
Something burns you.
* * * LOW HITPOINT WARNING * * *
The kobold brigand hits you with a +0 short sword.
* * * LOW HITPOINT WARNING * * *
You miss something.
You feel sick. The orc hits you with a +0 mace.
You die...

........ #..
.....#.# K ##..
..#..#.#. .....
#.#..... .....
#.....#
......#.#K..#
......#.#{o.#
(........@K.#
#########.#K#.#
#.....###.#)# #
#.........#)#
#.....#####..
#......# #.#.
#......##...#.#
#...........+ .
#.....###...#
.#


You could see a kobold brigand, an orc and 2 kobolds.

Vanquished Creatures
  Maggie (D:8)
  2 ice beasts (D:7)
  A sky beast (D:8)
  A necrophage (D:6)
  An ogre (D:6)
  A kobold brigand (D:8)
  2 bullfrogs (D:6)
  A scorpion (D:6)
  2 wights (D:8)
  2 hounds
  2 centaur zombies
  A gnoll shaman (D:7)
  3 orc priests
  An iguana (D:7)
  An orc wizard (D:7)
  4 gnolls (D:7)
  An adder (D:2)
  A white imp (D:7)
  A worm (D:3)
  16 orcs
  5 endoplasms
  3 giant cockroaches (D:1)
  6 goblins
  6 hobgoblins
  2 quokkas
  3 ball pythons
  6 frilled lizards
  8 kobolds
  3 rats
87 creatures vanquished.

Notes
Turn   | Place    | Note
-------+----------+-------------------------------------------
     0 | D:1      | browni3141 the Troll Berserker began the quest for the Orb.
     0 | D:1      | Reached XP level 1. HP: 22/22 MP: 0/0
   114 | D:1      | Reached XP level 2. HP: 29/29 MP: 1/1
   388 | D:1      | Reached ** piety under Trog
   620 | D:2      | Reached skill level 4 in Unarmed Combat
   620 | D:2      | Reached XP level 3. HP: 30/36 MP: 2/2
   635 | D:2      | Found a faded altar of an unknown god.
   918 | D:3      | Reached XP level 4. HP: 45/45 MP: 3/3
  1247 | D:3      | You fall into a shaft and drop 3 floors!
  1290 | D:6      | Found an opulent altar of Gozag.
  1334 | D:6      | Reached skill level 5 in Unarmed Combat
  1432 | D:6      | Found a glowing silver altar of Zin.
  1454 | D:6      | Noticed a bullfrog
  1459 | D:6      | Killed a bullfrog
  1460 | D:6      | Reached XP level 5. HP: 53/53 MP: 4/4
  1532 | D:6      | Noticed an ogre
  1536 | D:6      | Killed an ogre
  1537 | D:6      | Reached skill level 6 in Unarmed Combat
  1537 | D:6      | Reached XP level 6. HP: 62/62 MP: 5/5
  2044 | D:6      | Reached XP level 7. HP: 55/70 MP: 6/6
  2229 | D:7      | Reached skill level 7 in Unarmed Combat
  2575 | D:7      | Found a shadowy altar of Dithmenos.
  2665 | D:7      | Reached *** piety under Trog
  2669 | D:7      | Reached skill level 8 in Unarmed Combat
  2915 | D:8      | Noticed Maggie
  2925 | D:8      | Killed Maggie
  2926 | D:8      | Reached skill level 5 in Fighting
  2926 | D:8      | Reached XP level 8. HP: 80/80 MP: 7/7
  2969 | D:8      | Reached skill level 9 in Unarmed Combat
  2995 | D:8      | Noticed Erica
  3012 | D:8      | HP: 3/83 [kobold brigand (3)]
  3013 | D:8      | Slain by an orc

Illustrated notes

Levels and vault maps discovered:
D:1:      dpeg_arrival_round_c, layout_basic, chequers_decorated_corner,
          hangedman_decor_growths
D:2:      layout_rooms, chequers_ecumenical_altar_island
D:3:      layout_rooms, kennysheep_okawaru_gauntlet, uniq_jessica, uniq_terence
D:6:      layout_basic, pdpol_temple_overflow_zin_treasury_gozag_greed,
          minmay_misc_feat_more_columns
D:7:      layout_loops_ring, grunt_dithmenos_smoke_and_mirrors
D:8:      layout_basic, erik_lair_island, enter_bailey_8, uniq_erica,
          uniq_maggie, uniq_maurice

Skill      XL: |  1  2  3  4  5  6  7  8 |
---------------+-------------------------+-----
Unarmed Combat | 4 5 6 8 9 |  9.9
Fighting       | 3 4 5 6 |  6.0
Dodging        | |  2.4

Action                   |  1- 3 |  4- 6 |  7- 9 || total
-------------------------+-------+-------+-------++-------
Melee: Unarmed           |    70 |    79 |    84 ||   233
       Punch             |     1 |     3 |     4 ||     8
Invok: Berserk           |       |     4 |     3 ||     7
Armor: Animal skin       |    19 |    10 |    15 ||    44
Dodge: Dodged            |    37 |    43 |    31 ||   111
